 Dungeon Crawl Stone Soup version 0.29.0-4-gdea44cf6ec (webtiles) character file.

Game seed: 15245298320633587201

401 qw the Ruffian (level 6, -5/59 HPs)
             Began as a Troll Cinder Acolyte on Sept 3, 2022.
             Was a High Priest of Ignis.
             Slain by Duvessa
             ... wielding a +2 short sword of venom
              (18 damage)
             ... on level 4 of the Dungeon.
             The game lasted 00:01:30 (2633 turns).

qw the Ruffian (Troll Cinder Acolyte)               Turns: 2633, Time: 00:01:31

Health: -5/59      AC: 12    Str: 25    XL:     6   Next: 54%
Magic:  6/6        EV:  9    Int: 10    God:    Ignis [*****.]
Gold:   51         SH:  0    Dex:  5    Spells: 7/7 levels left

rFire   + . .      SeeInvis .     - Unarmed
rCold   . . .      Faith    .   (no shield)
rNeg    . . .      Spirit   .   a - +0 robe
rPois   .          Reflect  .   (helmet restricted)
rElec   .          Harm     .   h - +0 cloak
rCorr   .          Rampage  .   (gloves unavailable)
Will    .....                   (boots unavailable)
Stlth   +.........              k - amulet of regeneration
HPRegen 1.79/turn               (no ring)
MPRegen 0.10/turn               (no ring)

@: lethally poisoned (-5 -> -26), about to teleport, fiery-armoured
A: large, unfitting armour, claws 3, regeneration 1, shaggy fur 1, tough skin 1
a: Renounce Religion, Fiery Armour, Foxfire Swarm, Rising Flame


You were on level 4 of the Dungeon.
You worshipped Ignis.
Ignis was extremely pleased with you.
You visited 1 branch of the dungeon, and saw 4 of its levels.

You collected 151 gold pieces.
You spent 100 gold pieces at shops.


Innate Abilities, Weirdness & Mutations

You are too large for most types of armour.
You have claws for hands.
Your natural rate of healing is unusually fast.
You are covered in fur. (AC +1)
You have tough skin. (AC +1)


   Skills:
 - Level 2.4 Fighting
 + Level 7.5 Unarmed Combat
 - Level 1.0 Spellcasting
 - Level 2.1 Fire Magic


You had 7 spell levels left.
You didn't know any spells.
Your spell library contained the following spells:

 Spells                   Type           Power      Damage    Failure   Level
 Scorch                   Fire           8%         2d5       22%         2

Inventory:

Armour
 a - a +0 robe (worn)
 b - an orb of mayhem
 h - a +0 cloak (worn)
 i - a +1 robe of cold resistance
Jewellery
 k - an amulet of regeneration (around neck)
Wands
 l - a wand of digging (3)
Scrolls
 d - 3 scrolls of identify
Potions
 c - a potion of haste {unknown}
 e - 3 potions of curing
 f - a potion of heal wounds
 g - a potion of mutation

Dungeon Overview and Level Annotations

Branches:
Dungeon (4/15)
 Temple: D:4-7

Altars:
Kikubaaqudgha
Nemelex Xobeh
Uskayaw
Wu Jian

Shops:
D:3 *

Annotations:
D:4 Duvessa


Message History

You claw Duvessa!
Duvessa is severely wounded.
You feel very sick.
Duvessa hits you with a +2 short sword of venom.
You are more poisoned.
Duvessa barely misses you.
2629 ||| INVOKING Fiery Armour.
A protective cloak of flame settles atop you.
You feel very sick. Duvessa barely misses you.
You barely miss Duvessa.
Duvessa is severely wounded.
You feel very sick.
Duvessa hits you with a +2 short sword of venom!
You are lethally poisoned!
Duvessa is burned by your cloak of flames.
Duvessa is severely wounded.
2631 ||| READING scroll of teleportation.
As you read the scroll of teleportation, it crumbles to dust.
You feel strangely unstable.
You feel extremely sick. Duvessa closely misses you.
Duvessa hits you with a +2 short sword of venom.
You are more poisoned.
2632 ||| DRINKING 2 potions of heal wounds.
You feel much better.
You feel extremely sick. Duvessa hits you but does no damage.
You are more poisoned.
Duvessa is burned by your cloak of flames.
Duvessa is severely wounded.
You scratch Duvessa but do no damage.
Duvessa is severely wounded.
You feel extremely sick.
Duvessa hits you with a +2 short sword of venom.
You are more poisoned.
Duvessa is burned by your cloak of flames.
Duvessa is almost dead.
Duvessa hits you with a +2 short sword of venom!!
You die...

#.# #.# #..# ##
#########.#.######.#
..............)....####
.############)###.......
..# #........##...#.##
#.# #########.#e..#
#.#### ##@...# #....#
##...# ####.###########
.....# #....##.........
....... #...###.########
....### #....##.## .#.##
..)......# .#..
...(.#...## .####
....#.#...##


You could see Duvessa (berserk).

Vanquished Creatures
  An ogre (D:4)
  A necrophage (D:4)
  Dowan (D:4)
  An orc priest (D:3)
  Natasha (twice) (D:4)
  3 gnolls (D:2)
  An adder (D:3)
  3 dart slugs
  3 orcs (D:3)
  2 bats (D:2)
  10 endoplasms
  4 giant cockroaches (D:1)
  6 goblins
  8 hobgoblins
  2 jackals (D:2)
  7 kobolds
  4 quokkas
  7 ball pythons
  7 frilled lizards
  5 rats
78 creatures vanquished.

Notes
Turn   | Place    | Note
-------+----------+-------------------------------------------
     0 | D:1      | qw the Troll Cinder Acolyte began the quest for the Orb.
     0 | D:1      | Reached XP level 1. HP: 22/22 MP: 1/1
     0 | D:1      | 0 ||| qw: Version: 0.1-a-100-g36b9a1f
     0 | D:1      | 0 ||| qw: Game counter: 5041
     0 | D:1      | 0 ||| qw: Always use a shield: true
     0 | D:1      | 0 ||| qw: God list: Okawaru
     0 | D:1      | 0 ||| qw: Allow faded altars: false
     0 | D:1      | 0 ||| qw: Do Orc after D:15 true
     0 | D:1      | 0 ||| qw: Do second Lair branch before Depths: true
     0 | D:1      | 0 ||| qw: Lair rune preference: random
     0 | D:1      | 0 ||| qw: Plans: Normal
     0 | D:1      | 0 ||| PLANNING D:1-11
   231 | D:1      | Reached XP level 2. HP: 27/29 MP: 2/2
   250 | D:1      | 250 ||| Stepping ~*~*~tactically~*~*~ (stealth).
   452 | D:1      | Reached skill level 4 in Unarmed Combat
   604 | D:1      | 604 ||| Stepping ~*~*~tactically~*~*~ (hiding).
   614 | D:1      | Reached XP level 3. HP: 36/36 MP: 3/3
   815 | D:1      | 815 ||| READING 2 scrolls labelled WEB WABEHIQY.
   816 | D:1      | 816 ||| READING 4 scrolls labelled IDGHERILITI.
   817 | D:1      | 817 ||| READING scroll labelled KUAGHE BAENUEM MUO.
   818 | D:1      | 818 ||| DRINKING 2 sedimented green potions.
   819 | D:1      | 819 ||| READING 3 scrolls of identify.
   819 | D:1      | 819 ||| IDENTIFYING grey potion
   820 | D:1      | 820 ||| READING 2 scrolls of identify.
   820 | D:1      | 820 ||| IDENTIFYING dark potion
   821 | D:1      | 821 ||| DROPPING scroll of amnesia.
   822 | D:1      | 822 ||| DROPPING potion of brilliance.
   838 | D:2      | 838 ||| INVOKING Fiery Armour.
   843 | D:2      | 843 ||| Stepping ~*~*~tactically~*~*~ (outnumbered).
   844 | D:2      | 844 ||| Stepping ~*~*~tactically~*~*~ (outnumbered).
   845 | D:2      | 845 ||| Stepping ~*~*~tactically~*~*~ (outnumbered).
   846 | D:2      | 846 ||| Stepping ~*~*~tactically~*~*~ (outnumbered).
   885 | D:2      | 885 ||| Stepping ~*~*~tactically~*~*~ (stealth).
   925 | D:2      | 925 ||| Stepping ~*~*~tactically~*~*~ (stealth).
   932 | D:2      | Reached XP level 4. HP: 44/44 MP: 4/4
   952 | D:2      | 952 ||| Stepping ~*~*~tactically~*~*~ (stealth).
   954 | D:2      | Reached skill level 5 in Unarmed Combat
   961 | D:2      | Found a faded altar of an unknown god.
  1101 | D:2      | Found an ancient bone altar of Kikubaaqudgha.
  1303 | D:2      | 1303 ||| UPGRADING to +0 cloak.
  1308 | D:2      | 1308 ||| READING 2 scrolls labelled KUCKIV MOSETOISA.
  1309 | D:2      | 1309 ||| READING scroll labelled XUOHUBR LOEN.
  1310 | D:2      | 1310 ||| READING 4 scrolls of identify.
  1310 | D:2      | 1310 ||| IDENTIFYING yellow potion
  1311 | D:2      | 1311 ||| READING 3 scrolls of identify.
  1311 | D:2      | 1311 ||| IDENTIFYING green potion
  1312 | D:2      | 1312 ||| DROPPING potion of flight.
  1313 | D:2      | 1313 ||| DROPPING scroll of noise.
  1337 | D:3      | 1337 ||| Stepping ~*~*~tactically~*~*~ (stealth).
  1356 | D:3      | 1356 ||| Stepping ~*~*~tactically~*~*~ (stealth).
  1404 | D:3      | Found an ornate altar of the Wu Jian Council.
  1766 | D:3      | Found Woprim's General Store.
  1774 | D:3      | 1774 ||| BUYING potion of heal wounds (50 gold).
  1774 | D:3      | Bought a potion of heal wounds for 50 gold pieces
  1774 | D:3      | 1774 ||| BUYING scroll of identify (20 gold).
  1774 | D:3      | Bought a scroll of identify for 20 gold pieces
  1774 | D:3      | 1774 ||| BUYING scroll of teleportation (30 gold).
  1774 | D:3      | Bought a scroll of teleportation for 30 gold pieces
  2083 | D:3      | Reached XP level 5. HP: 50/50 MP: 5/5
  2110 | D:3      | Found a hide-covered altar of Uskayaw.
  2219 | D:3      | 2219 ||| UPGRADING to amulet of regeneration.
  2224 | D:3      | 2224 ||| READING scroll labelled COURUHUSSU.
  2225 | D:3      | 2225 ||| READING scroll labelled NOYWEC NOSU.
  2226 | D:3      | 2226 ||| READING 5 scrolls of identify.
  2226 | D:3      | 2226 ||| IDENTIFYING silvery potion
  2227 | D:3      | 2227 ||| READING 4 scrolls of identify.
  2227 | D:3      | 2227 ||| IDENTIFYING viscous green potion
  2228 | D:3      | 2228 ||| DROPPING potion of attraction.
  2229 | D:3      | 2229 ||| DROPPING potion of ambrosia.
  2296 | D:4      | Noticed Natasha
  2302 | D:4      | Killed Natasha
  2303 | D:4      | Reached skill level 6 in Unarmed Combat
  2330 | D:4      | Noticed an ogre
  2336 | D:4      | Killed an ogre
  2348 | D:4      | 2348 ||| Stepping ~*~*~tactically~*~*~ (hiding).
  2353 | D:4      | Reached skill level 7 in Unarmed Combat
  2353 | D:4      | Reached XP level 6. HP: 59/59 MP: 6/6
  2417 | D:4      | Found a sparkling altar of Nemelex Xobeh.
  2420 | D:4      | 2420 ||| Stepping ~*~*~tactically~*~*~ (stealth).
  2445 | D:4      | Noticed Natasha
  2446 | D:4      | 2446 ||| Stepping ~*~*~tactically~*~*~ (stealth).
  2450 | D:4      | 2450 ||| Stepping ~*~*~tactically~*~*~ (hiding).
  2451 | D:4      | 2451 ||| Stepping ~*~*~tactically~*~*~ (hiding).
  2452 | D:4      | 2452 ||| Stepping ~*~*~tactically~*~*~ (hiding).
  2459 | D:4      | Killed Natasha
  2602 | D:4      | Noticed Dowan
  2602 | D:4      | Noticed Duvessa
  2603 | D:4      | 2603 ||| Stepping ~*~*~tactically~*~*~ (hiding).
  2609 | D:4      | 2609 ||| Stepping ~*~*~tactically~*~*~ (stealth).
  2611 | D:4      | 2611 ||| Stepping ~*~*~tactically~*~*~ (stealth).
  2613 | D:4      | 2613 ||| Stepping ~*~*~tactically~*~*~ (stealth).
  2617 | D:4      | Killed Dowan
  2619 | D:4      | 2619 ||| Stepping ~*~*~tactically~*~*~ (stealth).
  2629 | D:4      | 2629 ||| INVOKING Fiery Armour.
  2630 | D:4      | HP: 13/59 [Duvessa/+2 short sword of venom (8)]
  2631 | D:4      | 2631 ||| READING scroll of teleportation.
  2631 | D:4      | HP: 2/59 [Duvessa/+2 short sword of venom (6)]
  2632 | D:4      | 2632 ||| DRINKING 2 potions of heal wounds.
  2633 | D:4      | Slain by Duvessa

Levels and vault maps discovered:
D:1:      amcnicky_arrival_double_pillar, layout_loops_ring, grunt_decor_clamped
D:2:      layout_rooms, hellmonk_ecumenical_altar_lost_god, basic_altar
D:3:      layout_basic, mainiacjoe_overflow_tiny_flanked,
          lemuel_coloured_pillars_altar, serial_shops,
          nicolae_shop_advertising_works [nicolae_subvault_shop_adworks],
          nicolae_figureground_sparkle
D:4:      layout_loops_ring, chequers_temple_overflow_minitemple,
          mainiacjoe_overflow_six_doors_small, uniq_natasha, uniq_duvessa,
          uniq_crazy_yiuf_cottage

Skill      XL: |  1  2  3  4  5 |
---------------+----------------+-----
Unarmed Combat | 4 5 7 |  7.5
Fighting       | |  2.4
Spellcasting   | |  1.0
Fire Magic     | |  2.1

Action                   |  1- 3 |  4- 6 || total
-------------------------+-------+-------++-------
Melee: Unarmed           |    78 |    82 ||   160
       Punch             |     3 |     1 ||     4
Throw: Boomerang         |     6 |    58 ||    64
Invok: Fiery Armour      |     1 |     1 ||     2
  Use: Scroll            |     5 |     9 ||    14
       Potion            |     1 |     1 ||     2
Armor: Robe              |    22 |    13 ||    35
Dodge: Dodged            |    22 |    27 ||    49

Table legend:
 A = Non-vault XP
 B = Vault XP
 C = Vault XP percentage of total XP
 D = Non-vault monster count
 E = Vault monster count
 F = Vault count percentage of total count
                 A         B        C        D         E       F
            +---------+---------+-------+---------+---------+-------
      Total |     470 |     104 |  18.1 |      76 |       2 |   2.6
            +---------+---------+-------+---------+---------+-------
        D:1 |      44 |       0 |   0.0 |      25 |       0 |   0.0
        D:2 |      79 |       0 |   0.0 |      25 |       0 |   0.0
        D:3 |      84 |       0 |   0.0 |      16 |       0 |   0.0
        D:4 |     263 |     104 |  28.3 |      10 |       2 |  16.7
            +---------+---------+-------+---------+---------+-------
